Cogmind - Beta 13 @@@ ROGUE MODE // 2024.04.05 @ 00:03:47 Player: Tarnath Result: Destroyed by H-61 Shepherd with Heavy Assault Cannon Performance ------------- Evolutions (2) 1000 Regions Visited (4) 800 Robots Destroyed (40) 200 Value Destroyed (1153) 1153 Prototype IDs (1) 20 Alien Tech Used (0) 0 Bonus (0) 0 TOTAL SCORE: 3173 Bonus ------- None Cogmind --------- Core Integrity 0/550 Matter 273/300 Energy 76/100 System Corruption 0% Temperature Cool (10) Movement Walking (190) Ox1 Location -8/Materials Parts ------- > --- POWER (2) -------- (None) > --- PROPULSION (3) --- Aluminum Leg > --- UTILITY (4) ------ Improved Heat Sink Medium Storage Unit Improved Utility Shielding Hacking Suite > --- WEAPON (2) ------- Beam Rifle > --- INVENTORY (10) --- Aluminum Leg Aluminum Leg Improved Terrain Scanner Core Shielding Beamcaster Advanced Beam Cannon Peak State ------------ > --- POWER ------------ Light Ion Engine Improved Ion Engine > --- PROPULSION ------- Aluminum Leg Aluminum Leg Aluminum Leg > --- UTILITY ---------- Medium Storage Unit Advanced Visual Processing Unit Improved Utility Shielding Hacking Suite > --- WEAPON ----------- Advanced Beam Cannon Advanced Beam Cannon > --- INVENTORY -------- Aluminum Leg Improved Terrain Scanner Core Shielding Beam Rifle Beamcaster Advanced Beam Cannon Advanced Beam Cannon Rocket Launcher [Rating: 24] Favorites ----------- Power Light Ion Engine Engine Light Ion Engine Propulsion Aluminum Leg Leg Aluminum Leg Utility Medium Storage Unit Device Improved Heat Sink Storage Medium Storage Unit Processor Advanced Visual Processing Unit Hackware Hacking Suite Protection Improved Utility Shielding Weapon Light Assault Rifle Energy Gun Beamcaster Energy Cannon Advanced Beam Cannon Ballistic Gun Light Assault Rifle Ballistic Cannon Light Cannon Launcher Rocket Launcher Build | -11 -10 -9 -9 -8 ------- Run | Yrd Mat Mat Min Mat Slots Evolved 4 | . . 2 . 2 Power 1 | . . . . 1 Propulsion 1 | . . 1 . . Utility 2 | . . 1 . 1 Weapon . | . . . . . Parts Attached 54 | 6 . 8 14 26 Power 9 | 1 . 1 1 6 Engine 9 | 1 . 1 1 6 Core . | . . . . . Reactor . | . . . . . Propulsion 15 | 2 . 2 7 4 Treads . | . . . . . Leg 15 | 2 . 2 7 4 Wheel . | . . . . . Hover . | . . . . . Flight . | . . . . . Utility 13 | 1 . 2 3 7 Device 6 | . . 1 2 3 Storage 2 | 1 . . . 1 Processor 1 | . . . . 1 Hackware 1 | . . . . 1 Protection 3 | . . 1 1 1 Artifact . | . . . . . Weapon 17 | 2 . 3 3 9 Energy Gun 5 | . . 1 1 3 Energy Cannon 4 | . . . . 4 Ballistic Gun 5 | 2 . 2 1 . Ballistic Cannon 1 | . . . . 1 Launcher 2 | . . . 1 1 Special Weapon . | . . . . . Impact Weapon . | . . . . . Slashing Weapon . | . . . . . Piercing Weapon . | . . . . . Special Melee Weapon . | . . . . . Unidentified Prototypes 1 | . . . . 1 Corrupted Parts 1 | . . . 1 . System Corruption 5 | . . . 5 . Parts Lost 23 | . . . 6 17 Power 7 | . . . 1 6 Propulsion 6 | . . . 1 5 Utility 4 | . . . 3 1 Weapon 6 | . . . 1 5 Highest Loss Streak 7 | . . . 3 7 To Critical Strikes . | . . . . . Average Slot Usage (%) 89 | . 98 96 92 84 Engine 12 | . 14 11 10 13 Leg 24 | . 28 32 30 18 Device 6 | . . 8 8 7 Storage 10 | . 14 11 11 9 Processor 3 | . . . . 6 Hackware 1 | . . . . 2 Protection 9 | . 12 11 9 8 Energy Gun 5 | . . 2 9 6 Energy Cannon 4 | . . . . 9 Ballistic Gun 9 | . 28 19 11 1 Naked Turns . | . . . . . Heaviest Build 31 | 14 15 23 23 31 Greatest Support 35 | 20 20 30 35 35 Greatest Overweight (x) 7 | 1 . . . 7 Average Overweight (x) . | . . . . . Largest Inventory Capacity 10 | 8 8 8 8 10 Average Capacity 8 | 6 8 8 8 9 Most Carried 10 | 2 5 8 8 10 Average Carried 5 | 1 3 5 5 5 Final Capacity 10 | 8 8 8 8 10 Final Carried 7 | 2 5 7 3 6 Class Distribution -------------------- 55% | Scavenger-Mutant 44% | Mutant Dominant Class ---------------- Mutant | -10/Materials Mutant | -9/Materials Mutant | -9/Mines Scavenger-Mutant | -8/Materials Resources | -11 -10 -9 -9 -8 ----------- Run | Yrd Mat Mat Min Mat Matter Collected 1025 | 204 105 126 273 317 Remotely . | . . . . . Salvage Created 1441 | . 134 126 321 860 Parts 84 | . 11 8 20 45 Haulers Intercepted . | . . . . . Recyclers Shooed 1 | . . . . 1 Parts Field Recycled . | . . . . . Retrieved Matter . | . . . . . Parts Self-Destructed . | . . . . . Prevented . | . . . . . Kills | -11 -10 -9 -9 -8 ------- Run | Yrd Mat Mat Min Mat Combat Hostiles Destroyed 36 | . 5 5 8 18 Guns 19 | . 5 5 4 5 Cannons 13 | . . . . 13 AOE 4 | . . . 4 . Classes Destroyed 10 | . 2 . 2 6 Worker 1 | . . . . 1 Builder 1 | . . . . 1 Recycler 2 | . . . . 2 Swarmer 12 | . 3 3 . 6 Grunt 18 | . 2 2 6 8 Brawler 1 | . . . . 1 Duelist 1 | . . . 1 . Protector 1 | . . . 1 . Sentry 2 | . . . . 2 Hunter 1 | . . . . 1 Best Kill Streak 5 | . 3 3 4 5 Combat Bots Only 5 | . 3 3 4 5 Max Kills in Single Turn 2 | . 1 2 2 2 Gunslinging . | . . . . . Exploded 2 | . . . 2 . Melee . | . . . . . Uniques/NPCs Destroyed . | . . . . . Combat | -11 -10 -9 -9 -8 -------- Run | Yrd Mat Mat Min Mat Hostile Shots Fired 394 | . 50 31 91 222 Missed 132 | . 23 10 35 64 Damage Taken 3558 | . 300 212 795 2251 Core 898 | . 61 55 223 559 Absorbed by Shields . | . . . . . Redirected to Shielding 193 | . . 25 79 89 Core Remaining (%) 68 | 100 75 . 30 . Volleys Fired 156 | . 16 20 33 87 Largest 2 | . 2 2 2 2 Hottest 136 | . 40 40 65 136 Shots Fired 300 | . 32 40 64 164 Gun 188 | . 32 40 60 56 Cannon 106 | . . . . 106 Launcher 6 | . . . 4 2 Special . | . . . . . Kinetic 124 | . 32 40 33 19 Thermal 143 | . . . . 143 Explosive 6 | . . . 4 2 Electromagnetic 27 | . . . 27 . Robot Hit Streak 8 | . 6 5 5 8 Robot Miss Streak 7 | . 3 3 4 7 Penetration Max . | . . . . . Secondary Targets 3 | . 2 . 1 . Max Gunslinging Chain 1 | . 1 . 1 . Shots Hit Robots 167 | . 18 20 43 86 Core Hits 69 | . 6 8 21 34 Critical Kills . | . . . . . Critical Parts Destroyed 1 | . 1 . . . Critical Strikes 3 | . 1 . . 2 Burn 2 | . . . . 2 Destroy 1 | . 1 . . . Melee Attacks . | . . . . . Impact . | . . . . . Slashing . | . . . . . Piercing . | . . . . . Sneak Attacks . | . . . . . Combat Hostiles . | . . . . . Follow-up Attacks . | . . . . . Damage Inflicted 3001 | . 221 214 733 1833 Guns 1465 | . 221 211 430 603 Cannons 1178 | . . . . 1178 Explosions 349 | . . . 297 52 Melee . | . . . . . Ramming 9 | . . 3 6 . Kinetic 785 | . 221 211 157 196 Thermal 1717 | . . . 132 1585 Explosive 217 | . . . 165 52 Electromagnetic 273 | . . . 273 . Impact . | . . . . . Slashing . | . . . . . Piercing . | . . . . . Highest Corruption 5 | . . . 5 . Average Corruption 5 | . . . 5 . Corruption Purged . | . . . . . Corruption Blocked . | . . . . . Effects 8 | . . . 8 . Message Errors 3 | . . . 3 . Matter Fused 1 | . . . 1 . Heat Flow Errors 1 | . . . 1 . Energy Discharges 1 | . . . 1 . Misfires 1 | . . . 1 . Alerts 1 | . . . 1 . Overload Shots . | . . . . . Overflow Damage 27 | . . . 3 24 Projectiles 24 | . . . . 24 Explosions 3 | . . . 3 . Melee . | . . . . . Knockbacks 1 | . . . . 1 Impact . | . . . . . Kinetic 1 | . . . . 1 Secondary . | . . . . . Self-Inflicted Damage 40 | . . . 40 . Shots 1 | . . . 1 . Rammed . | . . . . . Targets Rammed 3 | . . 1 2 . Kicked 3 | . . 1 2 . Crushed . | . . . . . Highest Temperature 520 | . 3 14 275 520 Average Temperature 123 | . 3 6 69 149 Received Heat Transfer 1302 | . 120 78 384 720 Effects 11 | . . . . 11 Shutdowns 4 | . . . . 4 Energy Bleed 2 | . . . . 2 Interference 3 | . . . . 3 Matter Decay 1 | . . . . 1 Damage (minor) 1 | . . . . 1 Siege Activations . | . . . . . Robots Corrupted . | . . . . . Combat Hostiles . | . . . . . Parts Fried . | . . . . . Impact Corruptions . | . . . . . Robots Melted . | . . . . . Combat Hostiles . | . . . . . Parts Melted 4 | . . . . 4 Heat Transferred 3184 | . . . 150 3034 Parts Sabotaged . | . . . . . Parts Stolen . | . . . . . Parts Stripped . | . . . . . Power Chain Reactions 2 | . . . 2 . Alert | -11 -10 -9 -9 -8 ------- Run | Yrd Mat Mat Min Mat Peak Influence 275 | . 143 231 217 275 Initial 90 | . . 59 90 6 Average 114 | . 81 141 142 108 Maximum Alert Level 1 | . . 1 1 1 Low Security (%) 87 | 100 100 68 81 90 Level 1 12 | . . 31 18 9 Level 2 . | . . . . . Level 3 . | . . . . . Level 4 . | . . . . . Level 5 . | . . . . . High Security . | . . . . . Max Security . | . . . . . Squads Dispatched 8 | . 1 1 1 5 Investigation 1 | . . . . 1 Extermination . | . . . . . Reinforcement 3 | . 1 1 . 1 Assault 1 | . . . 1 . Garrison 3 | . . . . 3 Intercept . | . . . . . Searches Triggered . | . . . . . Construction Impeded . | . . . . . Haulers Reinforced . | . . . . . Active Scanning Responses . | . . . . . Cargo Convoy Interrupts . | . . . . . Stealth | -11 -10 -9 -9 -8 --------- Run | Yrd Mat Mat Min Mat Distress Signals 5 | . 2 2 . 1 Communications Jammed . | . . . . . Distress Signals . | . . . . . Times Spotted 63 | . 12 8 10 33 Peak Tracking Total 7 | . 5 4 5 7 Tactical Retreats 1 | . . . . 1 Traps | -11 -10 -9 -9 -8 ------- Run | Yrd Mat Mat Min Mat Traps Triggered 2 | . . . . 2 Indirectly . | . . . . . Trap Hack Attempts . | . . . . . Triggered . | . . . . . Disarmed . | . . . . . Reprogrammed . | . . . . . Reused . | . . . . . Traps Extracted . | . . . . . Installed . | . . . . . Triggered . | . . . . . Machines | -11 -10 -9 -9 -8 ---------- Run | Yrd Mat Mat Min Mat Machines Disabled 2 | . . . . 2 Max in Single Turn 1 | . . . . 1 Machines Repaired . | . . . . . Machines Dismantled . | . . . . . Machines Sabotaged . | . . . . . Overloaded Fab Kills . | . . . . . Hacking | -11 -10 -9 -9 -8 --------- Run | Yrd Mat Mat Min Mat Machines Accessed 6 | . 3 2 . 1 Terminals 4 | . 2 1 . 1 Fabricators . | . . . . . Repair Stations 1 | . 1 . . . Recycling Units . | . . . . . Scanalyzers 1 | . . 1 . . Garrison Access . | . . . . . Total Hacks 14 | . 5 3 . 6 Successful 11 | . 3 3 . 5 Failed 3 | . 2 . . 1 Catastrophic . | . . . . . Database Lockouts . | . . . . . Manual . | . . . . . Terminals 11 | . 4 1 . 6 Fabricators . | . . . . . Repair Stations 1 | . 1 . . . Recycling Units . | . . . . . Scanalyzers 2 | . . 2 . . Garrison Access . | . . . . . Terminal Hacks 8 | . 2 1 . 5 Record 1 | . 1 . . . Alert Level 1 | . . . . 1 Unreport Threat 2 | . . . . 2 Locate Traps 1 | . 1 . . . Surveillance Status 1 | . . . . 1 Reinforcement Status 1 | . . 1 . . Zone Layout 1 | . . . . 1 Fabricator Hacks . | . . . . . Repair Station Hacks 1 | . 1 . . . Refit 1 | . 1 . . . Recycling Unit Hacks . | . . . . . Scanalyzer 2 | . . 2 . . Insert Component 1 | . . 1 . . Analyze 1 | . . 1 . . Garrison Access Hacks . | . . . . . Unauthorized Hacks . | . . . . . Terminals . | . . . . . Fabricators . | . . . . . Repair Stations . | . . . . . Recycling Units . | . . . . . Scanalyzers . | . . . . . Garrison Access . | . . . . . Data Cores Recovered . | . . . . . Used . | . . . . . Hacking Detections 5 | . 2 2 . 1 Full Trace Events . | . . . . . Feedback Events . | . . . . . Feedback Blocked . | . . . . . Robot Schematics Acquired . | . . . . . Robots Built . | . . . . . Authchips . | . . . . . Time . | . . . . . Total Robot Build Rating . | . . . . . Part Schematics Acquired 1 | . . 1 . . Parts Built . | . . . . . Authchips . | . . . . . Time . | . . . . . Total Part Build Rating . | . . . . . Parts Repaired . | . . . . . Time . | . . . . . Parts Recycled . | . . . . . Recycled Matter . | . . . . . Retrieved Matter . | . . . . . Retrieved Components . | . . . . . Parts Scanalyzed 1 | . . 1 . . Part Schematics Acquired 1 | . . 1 . . Parts Damaged . | . . . . . Bothacking | -11 -10 -9 -9 -8 ------------ Run | Yrd Mat Mat Min Mat Used RIF Installer . | . . . . . Robots Hacked . | . . . . . Non-combat . | . . . . . Combat . | . . . . . Robot Hacks Applied . | . . . . . Relay Couplers Released . | . . . . . Fabnet Peak Effective % . | . . . . . Robots Rewired . | . . . . . Allies Hacked . | . . . . . Hacks Repelled . | . . . . . Allies | -11 -10 -9 -9 -8 -------- Run | Yrd Mat Mat Min Mat Total Allies 1 | . . . 1 . Largest Group 1 | . . . 1 . Highest-Rated Group 31 | . . . 31 . Highest-Rated Ally 31 | . . . 31 . Total Orders . | . . . . . Ally Attacks 2 | . . . 2 . Total Damage 20 | . . . 20 . Kills . | . . . . . Allies Corrupted . | . . . . . Allies Melted . | . . . . . Intel | -11 -10 -9 -9 -8 ------- Run | Yrd Mat Mat Min Mat Robot Analysis Total . | . . . . . Derelict Logs Recovered . | . . . . . Drone Launches . | . . . . . Drone Recoveries . | . . . . . Exploration | -11 -10 -9 -9 -8 ------------- Run | Yrd Mat Mat Min Mat Turns Passed 2022 | 48 263 269 427 1015 Spaces Moved 1032 | 34 173 149 244 432 Core 9 | 6 . . . 3 Treads . | . . . . . Legs 1023 | 28 173 149 244 429 Wheels . | . . . . . Hover . | . . . . . Flight . | . . . . . Fastest Speed 50 | 50 120 120 120 120 Average Speed 136 | 111 120 120 120 158 Slowest Speed 400 | 190 120 120 120 400 Overloaded Moves . | . . . . . Propulsion Burnouts . | . . . . . Robots Hopped . | . . . . . Cave-ins Triggered . | . . . . . Exploration Rate (%) 26 | 4 36 20 40 32 Regions Visited 4 Branch Regions 1 Pre-discovered Areas . | . . . . . Known Exits Taken . | . . . . . Unknown Exits Taken 4 | 1 1 1 1 . Scrap Searched 2 | . . . 2 . Spaces Dug . | . . . . . Terrain Destroyed 77 | . . . 49 28 Melee . | . . . . . Projectile 4 | . . . . 4 AOE 73 | . . . 49 24 Terrain Rammed . | . . . . . Walls Destroyed . | . . . . . Machines Disabled . | . . . . . Actions | -11 -10 -9 -9 -8 --------- Run | Yrd Mat Mat Min Mat Total 1354 | 41 196 203 321 593 Wait 48 | . 5 13 14 16 Move 1028 | 33 172 148 243 432 Hop . | . . . . . Pick Up 39 | 2 3 8 5 21 Fast Attach 23 | 6 . 1 7 9 Attach 13 | . . 4 3 6 Detach . | . . . . . Swap 18 | . . 3 4 11 Drop 26 | . . 5 10 11 Fire 156 | . 16 20 33 87 Melee . | . . . . . Ram . | . . . . . Kick 3 | . . 1 2 . Crush . | . . . . . Escape Stasis . | . . . . . Rewire . | . . . . . Trap . | . . . . . Miscellaneous . | . . . . . Route ------- -11/Scrapyard -10/Materials (discovered 3 exits: *Mat x2 / [*Min]) -9/Materials -9/Mines -8/Materials (discovered 1 exit: [*Fac]) History --------- Turn | Location | Event 14 | -11/Scrapyard | Discovered new exit (range 15) 49 | -11/Scrapyard | Entered Materials 172 | -10/Materials | Discovered new exit (range 5) 194 | -10/Materials | Discovered new exit (range 3) 293 | -10/Materials | Discovered new exit (range 14) 312 | -10/Materials | Entered another Materials area 312 | -9/Materials | Evolved 2 slots: Propulsion x1, Utility x1 341 | -9/Materials | Build established: Mutant 550 | -9/Materials | Discovered new exit (range 16) 581 | -9/Materials | Entered Mines 800 | -9/Mines | Met a Derelict testing a Signal Generator 827 | -9/Mines | Core integrity fell below 50% 933 | -9/Mines | Lost 3 parts (2u1w) 1001 | -9/Mines | Discovered new exit (range 7) 1008 | -9/Mines | Entered Materials 1008 | -8/Materials | Evolved 2 slots: Power x1, Utility x1 1276 | -8/Materials | Build established: Scavenger-Mutant 1667 | -8/Materials | Garrison activated, responded to threat 1766 | -8/Materials | Lost 3 parts (1p1n1u) 1878 | -8/Materials | Core integrity fell below 50% 1898 | -8/Materials | Garrison activated, responded to threat 1991 | -8/Materials | Discovered new exit (range 4) 2016 | -8/Materials | Core integrity fell below 20% 2023 | -8/Materials | Destroyed by H-61 Shepherd with Heavy Assault Cannon Last Messages --------------- EXIT=FOUND Penetrated by Slug. Knocked back. Lgt. Ion Engine destroyed. Knocked back. H-61 Shepherd calls for reinforcements. ALERT: Hostile activity reported, dispatching reinforcements to area. Adv. Beam Cannon destroyed. Slug penetrates Wall. Neutrino Reactor explodes. Door malfunctions. Aluminum Leg destroyed. Adv. Beam Cannon destroyed. Critical hit (Burn: +37). Y-45 Defender destroyed. Penetrated by Slug. Rocket Launcher destroyed. Imp. Ion Engine destroyed. The unstable cave ceiling collapses. Aluminum Leg destroyed. Map ----- +----------------------------------------------------+ | | | | | | | | | | | | | | | | | | | | | | | | | | | | | | | | | | | | | | | ???????????????????????????????????????????????? | | ???????????????????????????????????????????????? | | ????????????????????##########?????????????????? | | ?????????#######??### ##????????????????? | | ?????????# ?? / ;#????????????????? | | ?????????# # ### % ;#????????????????? | | ?????????# ; @% #?????????????????? | | ?????????# H gs ! #?????????????????? | | ???????????# s !#?????????????????? | | ?????????# # =%#????????????????? | | ?????????# # % % %!##????????????????? | | ?????????# #??### ; #?????????????????? | | ?????????# ###### g##;;######?????????????????? | | ?????????# #####??????????????????????? | | ?????????+ g ########??????????????# ???? | | ?????????# # #??????????????# ???? | | ?????????###+#### # #??????????????# ???? | | ?????????# # # """ #??????????????# ???? | | ?????????# # # """ #??????????????# ???? | | ?????????# "" + + """ #???############ ???? | | ?????????# "G # # #???# ## ???? | | ?????????# "" # ########???# ## ???? | | ?????????# ? # #??????????# """ # ???? | | ?????????#???#### #??????????# """"" + ???? | | ????????????? # #??????????# """"" # ???? | | ????????????? # #??????????# """"" # ???? | | ????????????? # #??????????# """ # ???? | | ????????????? #% #??????????# + ???? | | ????????????? #= ###################### #???? | | ????????????? # ## "T" #?????????# #???? | | ????????????? # ## #??######## #???? | +----------------------------------------------------+ Best States ------------- Heat Dissipation 45 Energy Generation 17 Energy Capacity 290 Matter Stores 300 Matter Capacity 300 Sight Range 20 Terrain Scan Range 16 Terrain Scan Density 10 Armor Coverage 80 Core Shielding 20 Utility Shielding 66 Evasion (%) 55 Particle Charging 15 Offensive Hacking 10 Item Schematics ----------------- Lgt. Ion Engine | -9/Materials | Scanalyzed Robot Schematics ------------------ None Fabricated ------------ Nothing Alien Tech Used ----------------- None Achievements -------------- Everything Is Under Control Troublemaker Challenges ------------ None Game ------ Seed GodThrowingScanner Manual? 0 Play Time 00:28:27 Cumulative 3.2 hours Start 2024.04.04 @ 23:37:18 End 2024.04.05 @ 00:03:47 Sessions 1 Manual Loads 0 Difficulty Rogue Special Mode None Game No. 7 Rogue 7 Adventurer 0 Explorer 0 Win Type - Total 0 Types 0/0/0/0/0/0/0/0/0 Lore% 2 Gallery% 9 Achievement% 9 Wizard Run 0 Options --------- Layout 1 ASCII 0 Keyboard 0 Movement Numpad Keybinds 0 Fullscreen 1 Font 32/SmallcapsGlow Map View 77x35 Zoom Use 0% Tactical HUD 0 Map Filters NONE Filters NONE Steam 1 RUN: 54b7c513-92b6-4772-a749-2833552346c5